NPBL
CALIFORNIA LIONS @ WISCONSIN LUMBERJACKS
07/22/2098
 
TOP OF THE 1ST
California Lions batting - Pitching for Wisconsin Lumberjacks : RHP Pepe Pérez
Pitching: RHP Pepe Pérez
Batting: RHB Jack Jenkins 0-0: Ball
1-0: Ball
2-0: Called Strike
2-1: Fly out, F8 (Flyball, 8LD, EV 110.0 MPH)
Batting: RHB Héctor Cruz 0-0: Ball
1-0: Ball
2-0: Ground out 6-3 (Groundball, 6M, EV 98.8 MPH)
Batting: RHB Billy King 0-0: Foul Ball, location: 9LSF
0-1: Ball
1-1: Called Strike
1-2: Foul Ball, location: 9LSF
1-2: Ball
2-2: Fly out, F9 (Flyball, 9, EV 99.4 MPH)
Top of the 1st over - 0 runs, 0 hits, 0 errors, 0 left on base; California 0 - Wisconsin 0
BOTTOM OF THE 1ST
Wisconsin Lumberjacks batting - Pitching for California Lions : RHP Rex Cashmore
Pitching: RHP Rex Cashmore
Batting: SHB Tony Roberts 0-0: Ball
1-0: Ball
2-0: Foul Ball, location: 3FF
2-1: Fly out, F8 (Flyball, 8RD, EV 87.5 MPH)
Batting: LHB Aaron Meléndez Jr. 0-0: Ball
1-0: Called Strike
1-1: Swinging Strike
1-2: Fly out, F8 (Line Drive, 8RM, EV 90.6 MPH)
Batting: RHB Alejandro Ríos 0-0: Ball
1-0: Swinging Strike
1-1: Foul Ball, location: 3F
1-2: SINGLE (Groundball, 34D, EV 97.5 MPH)
Batting: LHB George Flores 0-0: DOUBLE (Line Drive, 5D, EV 95.6 MPH)
Alejandro Ríos to third
Batting: RHB Bráulio Ozores 0-0: Called Strike
0-1: SINGLE (Flyball, 7LS, EV 89.4 MPH)
Alejandro Ríos scores
George Flores to third
Runner from 3rd tries for Home, SAFE, throw by LF to home
Batting: RHB Rory Spencer 0-0: Called Strike
0-1: Ball
1-1: Ball
2-1: Foul Ball, location: 9LSF
2-2: Ball
3-2: Strikes out swinging
Bottom of the 1st over - 2 runs, 3 hits, 0 errors, 1 left on base; California 0 - Wisconsin 2
TOP OF THE 2ND
California Lions batting - Pitching for Wisconsin Lumberjacks : RHP Pepe Pérez
Batting: RHB Jon Henderson 0-0: Ball
1-0: Foul Ball, location: 2F
1-1: Swinging Strike
1-2: SINGLE (Line Drive, 7LS, EV 101.9 MPH)
Batting: RHB Jorge Morales 0-0: Ball
1-0: Called Strike
1-1: Fly out, F9 (Flyball, 9, EV 97.5 MPH)
Batting: RHB Ken Knox 0-0: Foul Ball, location: 25F
0-1: Ball
1-1: Fly out, F5 (Popup, 5F, EV 80.6 MPH)
Batting: LHB Joey Anderson 0-0: Called Strike
0-1: Called Strike
0-2: Ball
1-2: Ball
2-2: Strikes out swinging
Top of the 2nd over - 0 runs, 1 hit, 0 errors, 1 left on base; California 0 - Wisconsin 2
BOTTOM OF THE 2ND
Wisconsin Lumberjacks batting - Pitching for California Lions : RHP Rex Cashmore
Batting: RHB Chris Camp 0-0: Swinging Strike
0-1: Called Strike
0-2: Ball
1-2: Ground out 5-3 (Groundball, 56S, EV 65.0 MPH)
Batting: RHB Raúl Cardona 0-0: Called Strike
0-1: Foul Ball, location: 2F
0-2: Strikes out swinging
Batting: RHB Pepe Pérez 0-0: Ball
1-0: Called Strike
1-1: Ball
2-1: Foul Ball, location: 9LSF
2-2: Strikes out swinging
Bottom of the 2nd over - 0 runs, 0 hits, 0 errors, 0 left on base; California 0 - Wisconsin 2
TOP OF THE 3RD
California Lions batting - Pitching for Wisconsin Lumberjacks : RHP Pepe Pérez
Batting: RHB Quentin Ames 0-0: Called Strike
0-1: Ball
1-1: Fly out, F8 (Flyball, 8LXD, EV 111.9 MPH)
Batting: RHB Rex Cashmore 0-0: Called Strike
0-1: Called Strike
0-2: Ball
1-2: Strikes out swinging
Batting: RHB Jack Jenkins 0-0: Ball
1-0: Swinging Strike
1-1: Swinging Strike
1-2: Ball
2-2: Strikes out swinging
Top of the 3rd over - 0 runs, 0 hits, 0 errors, 0 left on base; California 0 - Wisconsin 2
BOTTOM OF THE 3RD
Wisconsin Lumberjacks batting - Pitching for California Lions : RHP Rex Cashmore
Batting: SHB Tony Roberts 0-0: Ball
1-0: Ball
2-0: Foul Ball, location: 25F
2-1: Ball
3-1: Base on Balls
Batting: LHB Aaron Meléndez Jr. 0-0: Ball
1-0: Sac Bunt to 23 - play at first, batter OUT! 3-4
Tony Roberts to second
Batting: RHB Alejandro Ríos 0-0: Ground out 3-1 (Groundball, 34, EV 104.4 MPH)
Tony Roberts to third
Batting: LHB George Flores 0-0: Called Strike
0-1: Swinging Strike
0-2: Ball
1-2: Hit by Pitch
Batting: RHB Bráulio Ozores 0-0: Ball
1-0: Ball
2-0: Called Strike
2-1: Ball
3-1: Foul Ball, location: 2F
3-2: Base on Balls
George Flores to second
Batting: RHB Rory Spencer 0-0: Called Strike
0-1: Called Strike
0-2: Strikes out looking
Bottom of the 3rd over - 0 runs, 0 hits, 0 errors, 3 left on base; California 0 - Wisconsin 2
TOP OF THE 4TH
California Lions batting - Pitching for Wisconsin Lumberjacks : RHP Pepe Pérez
Batting: RHB Héctor Cruz 0-0: Ground out 6-3 (Groundball, 6S, EV 87.5 MPH)
Batting: RHB Billy King 0-0: Swinging Strike
0-1: Swinging Strike
0-2: Foul Ball, location: 23F
0-2: Ball
1-2: Ball
2-2: Ball
3-2: Fly out, F7 (Flyball, 7LS, EV 83.1 MPH)
Batting: RHB Jon Henderson 0-0: Ground out 5-3 (Groundball, 56, EV 93.1 MPH)
Top of the 4th over - 0 runs, 0 hits, 0 errors, 0 left on base; California 0 - Wisconsin 2
BOTTOM OF THE 4TH
Wisconsin Lumberjacks batting - Pitching for California Lions : RHP Rex Cashmore
Batting: RHB Chris Camp 0-0: Ball
1-0: Ball
2-0: Ball
3-0: Called Strike
3-1: Fly out, F7 (Flyball, 78D, EV 99.4 MPH)
Batting: RHB Raúl Cardona 0-0: Ball
1-0: Called Strike
1-1: Ball
2-1: Ball
3-1: Fly out, F9 (Flyball, 9D, EV 86.3 MPH)
Batting: RHB Pepe Pérez 0-0: Ball
1-0: Called Strike
1-1: Swinging Strike
1-2: Ball
2-2: Strikes out looking
Bottom of the 4th over - 0 runs, 0 hits, 0 errors, 0 left on base; California 0 - Wisconsin 2
TOP OF THE 5TH
California Lions batting - Pitching for Wisconsin Lumberjacks : RHP Pepe Pérez
Batting: RHB Jorge Morales 0-0: Called Strike
0-1: Ball
1-1: Foul Ball, location: 9LDF
1-2: Ball
2-2: Ball
3-2: SINGLE (Line Drive, 89S, EV 98.1 MPH)
Batting: RHB Ken Knox 0-0: Called Strike
0-1: Swinging Strike
0-2: Ball
1-2: Foul Ball, location: 3FF
1-2: Strikes out swinging
Batting: LHB Joey Anderson 0-0: Called Strike
0-1: Ball
1-1: Called Strike
Jorge Morales is caught stealing 2nd base 2-6
1-2: Ground out 4-3 (Groundball, 4, EV 81.9 MPH)
Top of the 5th over - 0 runs, 1 hit, 0 errors, 0 left on base; California 0 - Wisconsin 2
BOTTOM OF THE 5TH
Wisconsin Lumberjacks batting - Pitching for California Lions : RHP Rex Cashmore
Batting: SHB Tony Roberts 0-0: Called Strike
0-1: Ball
1-1: Ball
2-1: Foul Ball, location: 2F
2-2: Foul Ball, location: 9LSF
2-2: Foul Ball, location: 7LDF
2-2: Ground out 5-3 (Groundball, 56, EV 81.3 MPH)
Batting: LHB Aaron Meléndez Jr. 0-0: Ground out 3-1 (Groundball, 34S, EV 88.8 MPH)
Batting: RHB Alejandro Ríos 0-0: Ball
1-0: Foul Ball, location: 9LMF
1-1: Foul Ball, location: 2RF
1-2: Ball
2-2: Ground out 5-3 (Groundball, 56, EV 90.0 MPH)
Bottom of the 5th over - 0 runs, 0 hits, 0 errors, 0 left on base; California 0 - Wisconsin 2
TOP OF THE 6TH
California Lions batting - Pitching for Wisconsin Lumberjacks : RHP Pepe Pérez
Batting: RHB Quentin Ames 0-0: Ball
1-0: Swinging Strike
1-1: Ball
2-1: Foul Ball, location: 2F
2-2: Strikes out swinging
Batting: RHB Rex Cashmore 0-0: Ball
1-0: Foul Ball, location: 2F
1-1: Foul Ball, location: 25FF
1-2: Ball
2-2: Strikes out swinging, 2-3 out at first.
Batting: RHB Jack Jenkins 0-0: Foul Ball, location: 9LDF
0-1: Foul Ball, location: 23F
0-2: Foul Ball, location: 2F
0-2: Ball
1-2: Foul Ball, location: 9LMF
1-2: Foul Ball, location: 9LMF
1-2: SINGLE (Line Drive, 56, EV 96.9 MPH)
Batting: RHB Héctor Cruz 0-0: Foul Ball, location: 2F
0-1: Ball
1-1: Ball
2-1: Foul Ball, location: 2F
2-2: Ground out 6-3 (Groundball, 6MS, EV 68.8 MPH)
Top of the 6th over - 0 runs, 1 hit, 0 errors, 1 left on base; California 0 - Wisconsin 2
BOTTOM OF THE 6TH
Wisconsin Lumberjacks batting - Pitching for California Lions : RHP Rex Cashmore
Batting: LHB George Flores 0-0: Called Strike
0-1: Ball
1-1: Fly out, F6 (Line Drive, 6, EV 70.6 MPH)
Batting: RHB Bráulio Ozores 0-0: Ball
1-0: Foul Ball, location: 3DF
1-1: Fly out, F9 (Flyball, 89M, EV 86.3 MPH)
Batting: RHB Rory Spencer 0-0: Ball
1-0: Fly out, F7 (Flyball, 7LM, EV 98.8 MPH)
Bottom of the 6th over - 0 runs, 0 hits, 0 errors, 0 left on base; California 0 - Wisconsin 2
TOP OF THE 7TH
California Lions batting - Pitching for Wisconsin Lumberjacks : RHP Pepe Pérez
Batting: RHB Billy King 0-0: Ball
1-0: Called Strike
1-1: Ball
2-1: Foul Ball, location: 2F
2-2: Strikes out looking
Batting: RHB Jon Henderson 0-0: Called Strike
0-1: Ball
1-1: Ball
2-1: Foul Ball, location: 25FF
2-2: Ball
3-2: Base on Balls
Batting: RHB Jorge Morales 0-0: Called Strike
0-1: Called Strike
Jon Henderson steals 2nd base
0-2: Ball
1-2: Foul Ball, location: 2F
1-2: Ball
2-2: Ground out 4-3 (Groundball, 4S, EV 65.6 MPH)
Jon Henderson to third
Batting: RHB Ken Knox 0-0: Ball
1-0: Called Strike
1-1: Ball
2-1: Foul Ball, location: 2F
2-2: SINGLE (Groundball, 15S, EV 66.9 MPH) (infield hit)
Jon Henderson scores
Pitching: LHP Evan Davis
Batting: LHB Joey Anderson 0-0: Ball
1-0: Swinging Strike
1-1: Ball
2-1: Foul Ball, location: 2F
2-2: Strikes out swinging
Top of the 7th over - 1 run, 1 hit, 0 errors, 1 left on base; California 1 - Wisconsin 2
BOTTOM OF THE 7TH
Wisconsin Lumberjacks batting - Pitching for California Lions : RHP Rex Cashmore
Batting: RHB Chris Camp 0-0: Ball
1-0: Ball
2-0: Called Strike
2-1: Ball
3-1: Fly out, F9 (Line Drive, 89M, EV 89.4 MPH)
Batting: RHB Raúl Cardona 0-0: Ball
1-0: Ball
2-0: Ground out 5-3 (Groundball, 56, EV 83.1 MPH)
Pinch Hitting: RHB John Little 0-0: Fly out, F8 (Flyball, 8RD, EV 96.3 MPH)
Bottom of the 7th over - 0 runs, 0 hits, 0 errors, 0 left on base; California 1 - Wisconsin 2
TOP OF THE 8TH
California Lions batting - Pitching for Wisconsin Lumberjacks : LHP Evan Davis
Pitching: RHP Josh Collins
Batting: RHB Quentin Ames 0-0: Ball
1-0: Ball
2-0: Called Strike
2-1: Foul Ball, location: 2F
2-2: Fly out, F8 (Flyball, 8RD, EV 106.9 MPH)
Pinch Hitting: RHB Jesús Brito 0-0: Foul Ball, location: 5FF
0-1: Ball
1-1: Ball
2-1: SINGLE (Line Drive, 9LM, EV 92.5 MPH)
Batting: RHB Jack Jenkins 0-0: Called Strike
0-1: Ball
1-1: Swinging Strike
1-2: Foul Ball, location: 5FF
1-2: Strikes out swinging
Batting: RHB Héctor Cruz 0-0: Fly out, F9 (Line Drive, 9, EV 97.5 MPH)
Top of the 8th over - 0 runs, 1 hit, 0 errors, 1 left on base; California 1 - Wisconsin 2
BOTTOM OF THE 8TH
Wisconsin Lumberjacks batting - Pitching for California Lions : RHP Rex Cashmore
Pitching: RHP Ian Lewis
Batting: SHB Tony Roberts 0-0: Ball
1-0: Called Strike
1-1: Ball
2-1: Ball
3-1: Fly out, F4 (Line Drive, 4M, EV 64.4 MPH)
Batting: LHB Aaron Meléndez Jr. 0-0: Foul Ball, location: 7LSF
0-1: Foul Ball, location: 25FF
0-2: Fly out, F6 (Line Drive, 56, EV 69.4 MPH)
Batting: RHB Alejandro Ríos 0-0: Foul Ball, location: 3FF
0-1: Ball
1-1: Ball
2-1: Ball
3-1: Foul Ball, location: 2F
3-2: Ground out 6-3 (Groundball, 6, EV 105.0 MPH)
Bottom of the 8th over - 0 runs, 0 hits, 0 errors, 0 left on base; California 1 - Wisconsin 2
TOP OF THE 9TH
California Lions batting - Pitching for Wisconsin Lumberjacks : RHP Josh Collins
Pitching: LHP Roger Anderson
Now in LF: Jack Aguilera
Batting: RHB Billy King 0-0: Ball
1-0: Ball
2-0: Swinging Strike
2-1: Foul Ball, location: 3FF
2-2: Strikes out looking
Batting: RHB Jon Henderson 0-0: Ball
1-0: Ball
2-0: Called Strike
2-1: Fly out, F8 (Flyball, 8RM, EV 91.9 MPH)
Pinch Hitting: RHB Rafael Guerra 0-0: Ball
1-0: Called Strike
1-1: Ball
2-1: Ball
3-1: Base on Balls
Batting: RHB Ken Knox 0-0: Ball
1-0: Ball
2-0: Ball
3-0: Called Strike
3-1: Foul Ball, location: 2F
3-2: Base on Balls
Rafael Guerra to second
Pinch Hitting: RHB Chris O'Mullarhy 0-0: Swinging Strike
0-1: Called Strike
0-2: Ball
1-2: Ball
2-2: Hit by Pitch
Rafael Guerra to third
Ken Knox to second
Batting: RHB Quentin Ames 0-0: Swinging Strike
0-1: Swinging Strike
0-2: Strikes out swinging
Top of the 9th over - 0 runs, 0 hits, 0 errors, 3 left on base; California 1 - Wisconsin 2
Wednesday, May 15th , 2024 - OOTP Baseball 24.6 Build 69